 Dungeon Crawl Stone Soup version 0.26.1-11-gd32895ea62 (webtiles) character file.

Game seed: 992321098859788429

1312 Zeld the Chucker (level 8, -12/52 HPs)
             Began as an Octopode Fighter on May 11, 2021.
             Mangled by a gnoll sergeant
             ... wielding a +0 spear
              (15 damage)
             ... on level 5 of the Dungeon.
             The game lasted 00:06:28 (7565 turns).

Zeld the Chucker (Octopode Fighter)                 Turns: 7565, Time: 00:06:29

Health: -12/52     AC:  1    Str: 17    XL:     8   Next: 58%
Magic:  17/17      EV: 12    Int: 10    God:
Gold:   280        SH:  9    Dex: 12    Spells: 19/19 levels left

rFire    . . .     SeeInvis .   a - +0 war axe
rCold    . . .     Faith    .   b - +0 kite shield
rNeg     . . .     Spirit   .   (helmet restricted)
rPois    .         Reflect  .   (no amulet)
rElec    .         Harm     .   (no ring)
rCorr    .         Rampage  .   (no ring)
Will     .....                  (no ring)
Stlth    ++........             (no ring)
HPRegen  0.17/turn              (no ring)
MPRegen  0.15/turn              (no ring)
                                (no ring)
                                (no ring)

@: no status effects
A: almost no armour, stealthy swim, amphibious, 8 rings, constrict 8, camouflage
1, gelatinous body 1
a: no special abilities


You were on level 5 of the Dungeon.
You visited 1 branch of the dungeon, and saw 7 of its levels.

You collected 280 gold pieces.

Inventory:

Hand Weapons
 a - a +0 war axe (weapon)
Missiles
 i - 44 poisoned darts (quivered)
 l - 19 boomerangs
 n - 2 silver boomerangs
Armour
 b - a +0 kite shield (worn)
Jewellery
 r - an uncursed ring of flight {unknown}
 s - a cursed amulet of inaccuracy {unknown}
 u - a cursed ring of attention {unknown}
Scrolls
 d - 6 scrolls of remove curse {unknown}
 f - 4 scrolls of identify {unknown}
 g - a scroll of random uselessness {unknown}
 h - 5 scrolls of teleportation {unknown}
 j - 3 scrolls of enchant armour {unknown}
 t - a scroll of torment {unknown}
 v - a scroll of blinking {unknown}
Potions
 c - a potion of might
 e - 2 potions of curing {unknown}
 k - a potion of lignification {unknown}
 m - a potion of flight {unknown}
 o - a potion of brilliance {unknown}
 p - a potion of berserk rage {unknown}
 q - 2 potions of magic {unknown}


   Skills:
 - Level 3.5 Fighting
 - Level 2.7 Axes
 * Level 6.6 Throwing
 - Level 3.0 Dodging
 - Level 3.5 Shields
 * Level 6.0 Spellcasting


You had 19 spell levels left.
You didn't know any spells.
Your spell library was empty.

Dungeon Overview and Level Annotations

Branches:
Dungeon (7/15)
 Temple: D:4-7

Altars:
Ashenzari
Elyvilon
Fedhas
Kikubaaqudgha
Nemelex Xobeh
Ru
Trog
Uskayaw
Yredelemnul
Zin


Innate Abilities, Weirdness & Mutations

You cannot wear most types of armour.
You are very stealthy in the water. (Stealth+)
You are amphibious.
You can wear up to eight rings at the same time.
You can use your tentacles to constrict eight enemies at once.
Your skin changes colour to match your surroundings (Stealth+).
Your rubbery body absorbs attacks. (AC +1, EV +1)


Message History

You constrict the gnoll sergeant. You block the gnoll sergeant's attack.
You hit the gnoll sergeant but do no damage.
The gnoll sergeant is heavily wounded.
You constrict the gnoll sergeant.
The gnoll sergeant hits you with a +0 spear!
The gnoll hits you from afar with a +0 halberd!
The gnoll sergeant barely misses you.
You hit the gnoll sergeant.
The gnoll sergeant is almost dead.
You constrict the gnoll sergeant.
The gnoll hits you from afar with a +0 halberd!
The gnoll sergeant hits you but does no damage.
The gnoll hits you from afar with a +0 halberd!
* * * LOW HITPOINT WARNING * * *
You release your grip on the gnoll sergeant.
The gnoll sergeant hits you from afar with a +0 spear.
* * * LOW HITPOINT WARNING * * *
There is a stone staircase leading up here.
The gnoll sergeant hits you from afar with a +0 spear!
You die...

#..########................#
#..##.....#...............##
##..#......................#
.....................).#####
.###...................#
.##.................#..#
##.....................#
#............##........#
...#.........##.@......#
.........[...##........#
..........>..##g)......#
..............g......>.#
.............##.......(#
.(...........##........#
.............)..#....###
..#..>...##.##.....###
#........##.##.#.)#####


You could see a gnoll sergeant and a gnoll.

Vanquished Creatures
  2 ogres
  A centaur (D:3)
  2 bullfrogs (D:7)
  2 scorpions (D:4)
  A centaur zombie (D:5)
  2 hounds (D:4)
  A gnoll shaman (D:4)
  An orc priest (D:4)
  4 orc wizards
  A bullfrog skeleton (D:7)
  Jessica (D:2)
  Natasha (thrice) (D:2)
  5 worker ants
  A hound skeleton (D:4)
  5 adders
  11 gnolls
  A shadow imp (D:6)
  A white imp (D:5)
  An adder zombie (D:6)
  An adder skeleton (D:5)
  3 worms
  2 dart slugs
  3 leopard geckos
  19 orcs
  A ball python (D:2)
  9 bats
  6 giant cockroaches
  7 goblins
  7 hobgoblins
  13 jackals
  A quokka (D:3)
  3 frilled lizards
  A giant cockroach zombie (D:6)
  A jackal skeleton (D:4)
  6 kobolds
  A quokka zombie (D:5)
  6 rats
136 creatures vanquished.

Notes
Turn   | Place    | Note
-------+----------+-------------------------------------------
     0 | D:1      | Zeld the Octopode Fighter began the quest for the Orb.
     0 | D:1      | Reached XP level 1. HP: 16/16 MP: 1/1
   125 | D:1      | Reached XP level 2. HP: 15/21 MP: 2/2
   526 | D:1      | Reached XP level 3. HP: 14/26 MP: 3/3
  1636 | D:2      | Reached XP level 4. HP: 29/31 MP: 3/5
  1667 | D:2      | Noticed Jessica
  1676 | D:2      | Killed Jessica
  1677 | D:2      | Reached skill level 1 in Throwing
  1677 | D:2      | Reached skill level 1 in Spellcasting
  1792 | D:2      | Noticed Natasha
  1799 | D:2      | Killed Natasha
  1800 | D:2      | Reached XP level 5. HP: 32/36 MP: 5/7
  1990 | D:2      | Noticed Natasha
  1994 | D:2      | Killed Natasha
  2231 | D:2      | Noticed Natasha
  2238 | D:2      | Killed Natasha
  2445 | D:3      | Noticed a centaur
  2451 | D:3      | Killed a centaur
  2452 | D:3      | Reached XP level 6. HP: 28/42 MP: 8/10
  3746 | D:3      | Found a sparkling altar of Nemelex Xobeh.
  4214 | D:4      | Reached XP level 7. HP: 26/46 MP: 12/12
  4470 | D:4      | You fall into a shaft and drop 3 floors!
  4470 | D:7      | Found a sparkling altar of Nemelex Xobeh.
  4472 | D:7      | Found a blossoming altar of Fedhas.
  4475 | D:7      | Found a basalt altar of Yredelemnul.
  4532 | D:7      | Found a white marble altar of Elyvilon.
  4532 | D:7      | Found a bloodstained altar of Trog.
  4532 | D:7      | Found a sacrificial altar of Ru.
  4532 | D:7      | Found an ancient bone altar of Kikubaaqudgha.
  4793 | D:7      | Found a broken altar of Ashenzari.
  4794 | D:7      | Found a glowing silver altar of Zin.
  4795 | D:7      | Found a hide-covered altar of Uskayaw.
  4798 | D:7      | Reached skill level 5 in Throwing
  5091 | D:5      | Entered Level 5 of the Dungeon
  5560 | D:4      | Reached skill level 5 in Spellcasting
  5560 | D:4      | Reached XP level 8. HP: 41/52 MP: 15/15
  7439 | D:5      | Found a white marble altar of Elyvilon.
  7565 | D:5      | Mangled by a gnoll sergeant

Illustrated notes

Levels and vault maps discovered:
D:1:      wheals_arrival_shading, layout_loops_ring, nrook_mini_vaults,
          minmay_misc_feat_iff, feat_on_display
D:2:      layout_loops_ring, uniq_natasha, uniq_jessica
D:3:      layout_basic, nemelex_spade_bored_becter
D:4:      layout_basic
D:5:      layout_rooms, elyvilon_altar_5
D:6:      layout_basic
D:7:      layout_cave_pools, minitemple, minmay_temple_entry_slanted,
          basic_altar, serial_shops, nicolae_shop_temple_entry_statues_fountains

Skill      XL: |  1  2  3  4  5  6  7  8 |
---------------+-------------------------+-----
Throwing       | 1 3 4 5 6 |  6.6
Spellcasting   | 1 2 3 5 6 |  6.0
Fighting       | |  3.5
Axes           | |  2.7
Dodging        | |  3.0
Shields        | |  3.5

Action                   |  1- 3 |  4- 6 |  7- 9 || total
-------------------------+-------+-------+-------++-------
Melee: War axe           |    60 |   105 |   133 ||   298
       Constrict         |    17 |    31 |    43 ||    91
       Tentacles         |     9 |    23 |    38 ||    70
Throw: Dart              |       |       |     9 ||     9
       Boomerang         |       |       |     2 ||     2
 Stab: Sleeping          |     2 |     4 |       ||     6
       Distracted        |       |     1 |       ||     1
Armor: Skin              |    10 |     9 |     4 ||    23
Dodge: Dodged            |    34 |    45 |    55 ||   134
Block: Kite shield       |    24 |    48 |    63 ||   135
